Map: Deathaura LE

Players

RagnaroK (SHIN)

  • Race: Zerg Zerg
  • Spawn Location: 11:00

Armani - Winner!

  • Race: Zerg Zerg
  • Spawn Location: 5:00

Event: IEM Katowice 2021

VOD

Have the link to the VOD?

Description

Time

  • Played on: Feb. 21, 2021, 12:53 p.m.
  • Length: 9:12

All games in this series

Show
View Real Time Build Order
Export as new Build Order

RagnaroK Zerg 

Build Orders: Hatch First 

Get SALT Encoding   

  12  0:00  Drone  
  13  0:12  Overlord  
  13  0:16  Drone  
  14  0:30  Drone x2  
  16  0:47  Hatchery  
  15  0:50  Drone  
  15  0:54  Drone  
  17  0:58  Drone  
  18  1:08  Extractor  
  17  1:13  Spawning Pool  
  17  1:15  Drone  
  17  1:19  Drone  
  18  1:27  Drone  
  19  1:41  Drone  
  20  1:48  Drone  
  21  1:58  Drone  
  21  1:59  Queen  
  21  2:00  Queen  
  21  2:01  Zergling x2  
  27  2:09  Overlord  
  27  2:10  Drone  
  27  2:11  Metabolic Boost  
  28  2:29  Drone x2  
  30  2:31  Drone  
  30  2:36  Drone  
  32  2:37  Hatchery  
  32  2:42  Queen  
  33  2:50  Baneling Nest, Drone  
  33  2:51  Drone  
  33  2:56  Overlord  
  34  3:04  Drone x2  
  36  3:15  Drone x3  
  36  3:16  Zergling x8  
  43  3:24  Overlord  
  43  3:25  Drone  
  44  3:31  Evolution Chamber  
  43  3:35  Drone  
  44  3:41  Baneling  
  44  3:42  Zergling x2  
  44  3:43  Drone x3  
  44  3:46  Lair  
  48  3:48  Extractor  
  48  3:49  Drone x2  
  48  3:50  Drone  
  48  3:52  Zergling x2  
  51  3:56  Drone x2  
  51  3:59  Extractor  
  51  4:00  Extractor  
  51  4:06  Drone x3  
  53  4:12  Drone x3  
  53  4:15  Drone  
  53  4:16  Zerg Melee Weapons Level 1  
  56  4:20  Overlord  
  56  4:23  Drone  
  57  4:24  Overlord  
  57  4:27  Overlord  
  57  4:37  Overlord  
  57  4:40  Drone x8  
  65  4:48  Spire  
  65  4:50  Drone x2  
  66  4:54  Drone  
  66  4:55  Drone x2  
  66  4:58  Extractor  
  67  5:01  Extractor  
  67  5:03  Overlord  
  67  5:04  Zergling x6  
  69  5:09  Zergling x8  
  73  5:15  Zergling x4  
  75  5:26  Baneling x9  
  75  5:28  Zergling x16  
  83  5:33  Zergling x6  
  83  5:34  Zergling x2  
  83  5:35  Zergling x2  
  88  5:38  Zergling x2  
  89  5:44  Overlord  
  89  5:47  Overlord  
  89  5:48  Zergling x2  
  81  5:59  Mutalisk  
  81  6:00  Mutalisk x5  
  81  6:03  Mutalisk  
  95  6:06  Mutalisk  
  97  6:11  Mutalisk x2  
  97  6:17  Mutalisk  
  103  6:22  Hatchery  
  102  6:29  Mutalisk x2, Overlord  
  106  6:36  Zergling x8  
  110  6:45  Drone x5  
  111  6:49  Drone  
  111  6:50  Drone x2  
  111  6:52  Drone  
  112  6:57  Overseer  
  112  6:59  Drone  
  112  7:00  Drone x2  
  112  7:01  Zerg Flyer Weapons Level 1  
  115  7:07  Mutalisk x2  
  117  7:11  Mutalisk  
  117  7:14  Mutalisk x2  
  121  7:20  Overlord x3  
  121  7:23  Overlord  
  121  7:28  Overlord  
  121  7:34  Overlord  
  121  7:35  Extractor  
  120  7:38  Mutalisk x4  
  120  7:39  Extractor  
  120  7:40  Drone  
  120  7:41  Drone x4  
  132  7:44  Queen  
  132  7:49  Mutalisk x2  
  138  7:53  Drone x4  
  141  8:05  Mutalisk  
  141  8:06  Mutalisk x2  
  141  8:08  Overlord x2  
  147  8:15  Mutalisk  
  147  8:16  Hatchery, Mutalisk  
  150  8:24  Mutalisk x2, Spore Crawler  
  148  8:28  Zergling x2  
  148  8:29  Zergling x18  
  148  8:33  Mutalisk  
  155  8:39  Mutalisk x2  
  159  8:45  Mutalisk  
  146  8:54  Zergling x20  
Show
View Real Time Build Order
Export as new Build Order

Armani Zerg - Winner!

Build Orders: Hatch First 

Get SALT Encoding   

  12  0:01  Drone  
  13  0:14  Overlord  
  13  0:17  Drone  
  14  0:32  Drone x2  
  16  0:48  Hatchery  
  15  0:52  Drone  
  15  0:55  Drone  
  17  1:00  Drone  
  18  1:08  Extractor  
  17  1:15  Spawning Pool  
  17  1:17  Drone  
  17  1:20  Drone  
  18  1:29  Drone  
  19  1:41  Drone  
  20  1:52  Drone  
  21  2:01  Queen x2  
  21  2:02  Zergling x2  
  21  2:03  Overlord  
  26  2:09  Metabolic Boost  
  26  2:12  Drone  
  26  2:13  Drone  
  28  2:21  Drone  
  29  2:24  Drone  
  30  2:34  Hatchery  
  30  2:36  Drone  
  30  2:42  Queen  
  32  2:50  Baneling Nest  
  31  2:52  Overlord  
  31  2:54  Drone  
  31  2:58  Drone  
  33  3:01  Drone  
  33  3:02  Drone  
  35  3:08  Drone  
  36  3:13  Zergling x2  
  36  3:14  Drone x3  
  36  3:17  Zergling x2  
  41  3:21  Overlord  
  41  3:24  Drone x2  
  43  3:27  Drone  
  43  3:31  Overlord  
  44  3:40  Drone  
  45  3:42  Lair  
  45  3:44  Extractor  
  45  3:46  Baneling  
  45  3:47  Zergling x8  
  48  3:56  Drone x4  
  48  3:57  Evolution Chamber  
  48  3:59  Drone x2  
  51  4:12  Overlord  
  51  4:13  Drone  
  51  4:15  Drone x6  
  58  4:20  Extractor x2  
  58  4:21  Drone  
  58  4:23  Zerg Missile Weapons Level 1  
  57  4:25  Drone x2  
  57  4:31  Roach Warren  
  58  4:33  Drone  
  59  4:38  Overlord  
  59  4:39  Drone x2  
  61  4:48  Drone x6  
  67  4:54  Drone  
  67  4:55  Drone  
  67  4:56  Drone  
  67  4:59  Drone  
  71  5:05  Drone x2, Spire  
  72  5:11  Overlord, Extractor  
  72  5:13  Overseer, Extractor  
  70  5:14  Glial Reconstitution  
  70  5:19  Drone x7  
  77  5:22  Overlord, Drone  
  77  5:36  Roach x6  
  77  5:38  Baneling x2  
  77  5:39  Overlord  
  77  5:41  Overlord  
  88  6:02  Roach x10  
  108  6:09  Overlord, Drone x2  
  108  6:11  Overlord  
  110  6:14  Overlord  
  107  6:22  Zerg Flyer Weapons Level 1  
  107  6:31  Spore Crawler  
  107  6:32  Drone  
  107  6:34  Spore Crawler  
  107  6:35  Corruptor x5  
  107  6:39  Spore Crawler  
  115  6:40  Corruptor  
  117  6:50  Corruptor x2, Drone x2  
  121  6:54  Corruptor  
  121  6:55  Overlord  
  121  6:57  Overlord  
  121  7:00  Overlord  
  121  7:11  Corruptor x2  
  121  7:13  Queen  
  121  7:14  Queen  
  127  7:17  Corruptor  
  127  7:21  Corruptor  
  131  7:25  Corruptor  
  131  7:26  Overlord  
  133  7:32  Corruptor  
  135  7:38  Corruptor  
  137  7:44  Corruptor  
  137  7:50  Hatchery  
  138  7:56  Corruptor x2  
  142  8:03  Corruptor  
  144  8:08  Roach x4  
  144  8:09  Overlord  
  144  8:10  Zergling x4  
  154  8:13  Hatchery, Overlord  
  154  8:18  Overlord  
  153  8:20  Overlord  
  153  8:28  Roach  
  153  8:29  Roach x3  
  161  8:35  Baneling  
  161  8:36  Baneling  
  157  8:42  Roach x9  

Tags
 
Add a new tag
Caveats
  • Supply blocks, unpowered buildings, or Contaminate may cause inaccurate times.
  • Supply counts are checked every 10 seconds.